 Dungeon Crawl Stone Soup version 0.20-a0-1122-gb7cbeb9 (webtiles) character file.

117 Alarkh the Insei (level 4, 31/34 HPs)
             Began as a Demonspawn Transmuter on May 13, 2017.
             Was a Follower of Nemelex Xobeh.
             Got out of the dungeon alive.
             The game lasted 00:02:41 (2679 turns).

Alarkh the Insei (Demonspawn Transmuter)            Turns: 2679, Time: 00:02:43

Health: 31/34      AC:  5    Str: 10    XL:     4   Next: 71%
Magic:  7/7        EV: 13    Int: 19    God:    Nemelex Xobeh [*.....]
Gold:   133        SH:  0    Dex: 13    Spells: 6/7 levels left

rFire    . . .     SeeInvis .     - Unarmed
rCold    + . .     Gourm    .   (no shield)
rNeg     . . .     Faith    .   b - +0 robe
rPois    .         Spirit   .   u - +1 helmet {Int+3}
rElec    .         Reflect  .   n - +0 cloak
rCorr    .         Harm     .   (no gloves)
MR       .....                  (no boots)
Stlth    +.........             (no amulet)
Regen    0.2/turn               (no ring)
MPRegen  0.1/turn               (no ring)

@: no status effects
A: cold resistance 1, powered by death 1
a: Renounce Religion


You escaped.
You worshipped Nemelex Xobeh.
Nemelex Xobeh was aware of your devotion.
You were not hungry.

You visited 1 branch of the dungeon, and saw 3 of its levels.

You collected 133 gold pieces.

Inventory:

Missiles
 a - 40 arrows
Armour
 b - a +0 robe (worn)
 n - a +0 cloak (worn)
 o - a +0 helmet
 u - a +1 helmet of intelligence (worn)
Scrolls
 e - 2 scrolls of blinking {unknown}
 f - 2 scrolls of remove curse
 h - a scroll of teleportation {unknown}
 j - 2 scrolls of recharging {unknown}
 m - 3 scrolls of identify {unknown}
 p - a scroll of amnesia {unknown}
 w - a scroll of immolation {unknown}
Potions
 k - a potion of haste {unknown}
 l - a potion of curing {unknown}
 q - a potion of lignification {unknown}
 r - 2 potions of brilliance {unknown}
 s - a potion of heal wounds {unknown}
 t - 2 potions of degeneration {unknown}
 v - a potion of flight {unknown}
Books
 c - a book of Changes

   Spells                             Type                      Level
   a - Beastly Appendage              Transmutation                1
   b - Sticks to Snakes               Transmutation                2
   c - Spider Form                    Transmutation/Poison         3
   d - Ice Form                       Ice/Transmutation            4
   e - Blade Hands                    Transmutation                5
Comestibles
 d - 2 bread rations
 i - a meat ration
 x - 3 fruits


   Skills:
 + Level 2.3 Fighting
 + Level 2.6 Dodging
 * Level 4.0 Unarmed Combat
 - Level 2.0 Spellcasting
 - Level 1.7 Transmutations


You had 6 spell levels left.
You knew the following spells:

 Your Spells              Type           Power        Failure   Level  Hunger
a - Beastly Appendage     Tmut           #.....       9%          1    #......


Dungeon Overview and Level Annotations

Branches:
Dungeon (3/15)

Altars:
Fedhas
Nemelex Xobeh


Innate Abilities, Weirdness & Mutations

Your flesh is cold resistant. (rC+)
You regenerate a little health from kills.


Message History

No target in view!
No target in view!
No target in view!
No target in view!
No target in view!
No target in view!
(D) Dungeon
Where to? (Enter - D:3 @ (x,y), ? - help)
There is a stone staircase leading up here.
You climb upwards.
There is a stone staircase leading down here.
Unknown command.
There is a stone staircase leading up here.
You climb upwards.
There is a stone staircase leading down here.
There is an open door here.
All of the chunks of flesh in your inventory have rotted away.
There is a staircase leading out of the dungeon here.
Are you sure you want to leave the Dungeon?
This will make you lose the game!
You have escaped!

#....# #.....# #...# ##....#
#.....# ##..# ......# #.8.8.#
#..# ......# #.....# #..#
......# ##.....## ##.#####
......# #..8.8..# #......
......########.....## #.#####
............#8.....8#
####.#####
.....######.#...@...#
#......... .....#
#.############.##.##### .....#
#............#.##.# # .....#
#######......#.##.# # .....#
#......#.##.# # .....#
#####......#.##.# # .....####
#..........'.##.# # ........#
#......^...####.# #
.......(#####.....###'####..##
#


There were no monsters in sight!

Vanquished Creatures
  5 adders
  An ooze (D:1)
  4 dart slugs (D:1)
  2 leopard geckos (D:2)
  2 giant cockroaches
  4 goblins
  6 hobgoblins
  4 jackals (D:3)
  8 kobolds
  A quokka (D:2)
  8 bats
  2 frilled lizards (D:1)
  13 rats
60 creatures vanquished.

Notes
Turn   | Place    | Note
-------+----------+-------------------------------------------
     0 | D:1      | Alarkh the Demonspawn Transmuter began the quest for the Orb.
     0 | D:1      | Reached XP level 1. HP: 15/15 MP: 3/3
   193 | D:1      | Gained mutation: You regenerate a little health from kills. [demonic ancestry]
   193 | D:1      | Reached XP level 2. HP: 5/21 MP: 3/5
   201 | D:1      | Reached skill level 3 in Unarmed Combat
   576 | D:1      | Reached XP level 3. HP: 24/26 MP: 6/6
  1166 | D:2      | Found a blossoming altar of Fedhas.
  1959 | D:2      | Gained mutation: Your flesh is cold resistant. (rC+) [demonic ancestry]
  1959 | D:2      | Reached XP level 4. HP: 28/33 MP: 7/7
  2397 | D:3      | Found a faded altar of an unknown god.
  2420 | D:3      | Became a worshipper of Nemelex Xobeh the Trickster
  2420 | D:3      | Received a gift from Nemelex Xobeh
  2420 | D:3      | Reached * piety under Nemelex Xobeh
  2420 | D:3      | Received a gift from Nemelex Xobeh
  2442 | D:3      | Reached skill level 4 in Unarmed Combat
  2679 | D:$      | Got out of the dungeon alive.

Vault maps used:
D:1:      elethiomel_arrival_quiet, minmay_misc_feat_alley, hex_tiny
D:2:      lemuel_doored_altar
D:3:      cheibrodos_pilgrimage, chequers_ecumenical_altar_simple,
          ashenzari_altar_1

Skill      XL: |  1  2  3  4 |
---------------+-------------+-----
Unarmed Combat | 3 4 |  4.0
Dodging        | 2 |  2.6
Fighting       | 2 |  2.3
Spellcasting   | |  2.0
Transmutations | |  1.7

Action                   |  1- 3 |  4- 6 || total
-------------------------+-------+-------++-------
Melee: Unarmed           |   182 |    85 ||   267
       Kick              |     6 |       ||     6
 Cast: Beastly Appendage |     5 |       ||     5
  Use: Scroll            |     1 |       ||     1
 Stab: Sleeping          |     2 |     1 ||     3
  Eat: Chunk             |     3 |     3 ||     6
Armor: Robe              |    46 |    23 ||    69
Dodge: Dodged            |   138 |    77 ||   215
